cohdb
Replays
Latest Replays
All Replays
Popular Replays
Top Player Replays
Match Explorer
How It Works
Community
CoH3 Stats
Reddit
Sign in to upload your games and track your stats! →
Sign in with Steam
Match 45953913
Unlisted
Match 45953913
Overview
Messages
Build Orders
End
Kradschützen Motorcycle Team
Panzerpioneer Squad
Selects Armored Support Battlegroup
Selects Armored Support Battlegroup
Panzergrenadier Squad
250 Light Carrier
Construct Light Support Kompanie
Combat Half-tracks
Panzerjäger Squad
Assault Mechanized Group
Construct Mechanized Kompanie
8 Rad Armored Car
Selects Superior Fire Drills
254 Reconnaissance Tractor
Advanced Field Repairs
Vehicle Survival Package
Support Armor Elements
Selects Flammpanzer III Medium Tank
MaXiS
Gangil
0
0
Comments
sign in to comment!
No comments posted yet!